 Dungeon Crawl Stone Soup version 0.15.0-31-geb66e34 (console) character file.

5594 gw the Basher (level 10, -8/92 HPs)
             Began as a Deep Dwarf Gladiator on Sept 12, 2014.
             Was a Priest of Makhleb.
             Mangled by an orc warrior
             ... wielding a +0 halberd
              (15 damage)
             ... in a bailey.
             The game lasted 00:06:56 (6719 turns).

gw the Basher (Deep Dwarf Gladiator)                Turns: 6719, Time: 00:06:56

HP  -8/92        AC 12     Str 19      XL: 10   Next: 45%
MP  15/15        EV  7     Int  9      God: Makhleb [***...]
Gold 0           SH  0     Dex 16      Spells:  0 memorised,  9 levels left

rFire  . . .     SeeInvis +     a - +0 dire flail
rCold  . . .     Clarity  +     b - +0 chain mail
rNeg   . . .     rCorr    .     (no shield)
rPois  .         rRot     .     c - +0 helmet
rElec  .         Spirit   .     (no cloak)
SustAb .         Warding  .     (no gloves)
rMut   .         Stasis   .     (no boots)
Gourm  .                        t - amulet of clarity
MR     +....                    r - ring of see invisible
                                (no ring)

@: non-regenerating, somewhat resistant to hostile enchantments, extremely
unstealthy
A: damage resistance, recharge devices, sense surroundings 2, slow healing 3
a: Device Recharging, Minor Destruction, Lesser Servant of Makhleb, Renounce
Religion


You were in a bailey.
You worshipped Makhleb.
Makhleb was most pleased with you.
You were hungry.

You visited 1 branch of the dungeon, and saw 8 of its levels.
You also visited: Bailey.

Inventory:

Hand weapons
 a - a +0 dire flail (weapon)
Missiles
 d - 4 throwing nets
 u - 28 bolts
Armour
 b - a +0 chain mail (worn)
 c - a +0 helmet (worn)
Magical devices
 e - a wand of heal wounds (2)
 q - a wand of flame (1)
Comestibles
 f - 4 bread rations
 h - 4 meat rations
 j - a slice of pizza
 l - 2 beef jerkies
 o - a royal jelly
 s - a fruit
Scrolls
 g - a scroll of noise
 i - a scroll of blinking
 w - 13 scrolls of identify
Jewellery
 r - a ring of see invisible (right hand)
 t - an amulet of clarity (around neck)
Potions
 k - a potion of brilliance
 m - 2 potions of curing
 n - a potion of restore abilities


   Skills:
 + Level 6.5 Fighting
 * Level 10.4 Maces & Flails
 - Level 1.7 Throwing
 + Level 8.2 Armour
 - Level 3.2 Dodging
 + Level 8.3 Invocations


You had 9 spell levels left.
You didn't know any spells.

Dungeon Overview and Level Annotations

Branches:
Dungeon (8/15)             Temple (0/1) D:5
   Lair: D:8-11

Altars:
Cheibriados
Elyvilon
Kikubaaqudgha
Makhleb
Okawaru
Qazlal
Sif Muna
Trog
Xom

Shops:
D:8 *


Innate Abilities, Weirdness & Mutations

You are resistant to damage.
You can recharge devices by infusing magical energy.
You passively map the area around you.
You do not heal naturally.


Message History

ATTACK MOVE TO (0,-1)
Your chain mail prevents you from hitting the orc warrior.
The orc warrior is moderately wounded.
The orc warrior hits you with a spear.
The orc warrior hits you with an arbalest.
ATTACK MOVE TO (0,-1)
You puncture the orc warrior!
The orc warrior is severely wounded.
The orc warrior hits you from afar with a halberd!!
The orc warrior hits you from afar with a glaive!
The orc warrior barely misses you.
Use which ability? (? or * to list) Charge which item? (? for menu, Esc to quit)
Choose an item to recharge, or Esc to abort.
Charge which item? (? for menu, Esc to quit)
Your wand of heal wounds (0) glows for a moment and now has 2 charges.
The orc warrior hits you with an arbalest.
The orc warrior hits you but does no damage.
The orc warrior hits you from afar with a halberd!!
You die...

### * # ##
##\######### .##
...##...##.....## ./#
~~~..#...#..~~~..#..?#
~.~~.......~~)~~.#o..#
..o~......4~).o~oo...#
~o~~.......~~o~~g#,,
~~~..#...#..~~~..# .
*#.\.##.....##
##\######### * * ###


You could see 5 orc warriors and a friendly orange demon.

Table legend:
 A = Turns spent in this place as a percentage of turns spent in the entire game.
 B = Non-inter-level travel turns spent in this place as a percentage of non-inter-level travel turns spent in the entire game.
 C = Inter-level travel turns spent in this place as a percentage of turns spent in this place.
 D = Turns resting spent in this place as a percentage of non-inter-level travel turns spent in this place.
 E = Turns spent auto-exploring this place as a percentage of non-inter-level travel turns spent in this place.
 F = Non-inter-level travel turns spent in this place divided by the number of levels of this place that you've seen.
                   A       B       C       D       E      F
               +-------+-------+-------+-------+-------+----------------------
         Total | 100.0 | 100.0 |   1.2 |   0.0 |  10.3 | 421.3
       Dungeon |  97.1 |  97.0 |   1.3 |   0.0 |  10.5 | 459.9
        Bailey |   2.9 |   3.0 |   0.0 |   0.0 |   5.3 | 113.0
               +-------+-------+-------+-------+-------+----------------------

Table legend:
 A = Kills in this place as a percentage of kills in entire the game.
 B = Kills by you in this place as a percentage of kills by you in the entire game.
 C = Kills by friends in this place as a percentage of kills by friends in the entire game.
 D = Other kills in this place as a percentage of other kills in the entire game.
 E = Experience gained in this place as a percentage of experience gained in the entire game.
 F = Experience gained in this place divided by the number of levels of this place that you have seen.
                   A       B       C       D       E      F
               +-------+-------+-------+-------+-------+----------------------
         Total | 100.0 | 100.0 | 100.0 |  -nan | 100.0 | 888.0
       Dungeon |  96.7 |  97.1 |  75.0 |  -nan |  76.9 | 768.4
        Bailey |   3.3 |   2.9 |  25.0 |  -nan |  23.1 | 1845.0
               +-------+-------+-------+-------+-------+----------------------

Vanquished Creatures
  A hydra (D:6)
  The ghost of mrpyro the Carver, a powerful VSBe of Trog (Bailey)
  An orc knight (Bailey)
  Pikel (D:6)
  Grinder (D:3)
  A two-headed ogre (D:8)
  Prince Ribbit (D:5)
  A hippogriff (D:7)
  A slave (D:6)
  7 orc warriors
  A phantom (D:5)
  2 ogres (D:7)
  An ice beast (D:8)
  3 centaurs
  Blork the orc (D:6)
  4 giant frogs (D:6)
  3 goliath beetles (D:6)
  5 killer bees (D:7)
  2 scorpions
  3 wights (D:7)
  2 orc priests
  A quasit (D:6)
  2 crimson imps
  4 orc wizards
  A jelly (D:5)
  2 iguanas
  4 worker ants
  Jessica (D:2)
  Terence (D:2)
  3 gnolls (D:3)
  2 shadow imps
  8 adders
  3 giant mites
  5 worms
  A goblin zombie (D:6)
  5 giant geckos
  An ooze (D:6)
  20 orcs
  8 giant cockroaches
  15 goblins
  13 hobgoblins
  14 jackals
  7 quokkas
  8 bats
  4 giant newts
  A hobgoblin skeleton (D:4)
  12 kobolds
  2 orc skeletons (D:6)
  A quokka skeleton (D:5)
  15 rats
  A rat skeleton (D:7)
208 creatures vanquished.

Vanquished Creatures (collateral kills)
  A centaur (D:8)
  A hound (D:6)
  An orc (Bailey)
  A kobold (D:6)
4 creatures vanquished.

Vanquished Creatures (others)
  A slave (D:6)
  A centaur (D:6)
  A crimson imp (D:6)
  A hound (D:6)
  Ijyb (D:6)
  An orc (D:6)
  A kobold (D:6)
7 creatures vanquished.

Grand Total: 219 creatures vanquished

Notes
Turn   | Place    | Note
--------------------------------------------------------------
     0 | D:1      | gw, the Deep Dwarf Gladiator, began the quest for the Orb.
     0 | D:1      | Reached XP level 1. HP: 19/19 MP: 1/1
   280 | D:1      | Reached XP level 2. HP: 21/26 MP: 2/2
   658 | D:1      | Reached skill level 1 in Armour
   896 | D:1      | Reached XP level 3. HP: 16/32 MP: 3/3
  1522 | D:2      | Reached skill level 4 in Maces & Flails
  1522 | D:2      | Reached XP level 4. HP: 36/40 MP: 4/4
  1541 | D:2      | Noticed Terence
  1566 | D:2      | Killed Terence
  1818 | D:2      | Noticed Jessica
  1823 | D:2      | Killed Jessica
  1920 | D:2      | Reached XP level 5. HP: 35/46 MP: 5/5
  2300 | D:3      | Found a white marble altar of Elyvilon.
  2318 | D:3      | Found a shimmering altar of Xom.
  2318 | D:3      | Found a burning altar of Makhleb.
  2328 | D:3      | Found an iron altar of Okawaru.
  2337 | D:3      | Noticed Grinder
  2374 | D:3      | Killed Grinder
  2374 | D:3      | Reached skill level 5 in Maces & Flails
  2374 | D:3      | Reached XP level 6. HP: 34/56 MP: 6/6
  2388 | D:3      | Became a worshipper of Makhleb the Destroyer
  2760 | D:3      | Reached skill level 1 in Invocations
  2779 | D:3      | HP: 2/56 [something/puff of flame (5)]
  2821 | D:3      | Acquired Makhleb's first power
  3101 | D:4      | Found a deep blue altar of Sif Muna.
  3140 | D:4      | Reached XP level 7. HP: 28/62 MP: 8/8
  3539 | D:4      | Acquired Makhleb's second power
  3746 | D:5      | Entered Level 5 of the Dungeon
  3807 | D:5      | Reached skill level 6 in Maces & Flails
  4003 | D:5      | Found a staircase to the Ecumenical Temple.
  4074 | D:5      | Noticed Prince Ribbit
  4430 | D:5      | Killed Prince Ribbit
  4430 | D:5      | Reached skill level 5 in Armour
  4430 | D:5      | Reached XP level 8. HP: 34/72 MP: 11/13
  4446 | D:5      | Reached skill level 7 in Maces & Flails
  4789 | D:6      | Noticed Pikel
  4848 | D:6      | Killed Pikel
  4848 | D:6      | Reached skill level 5 in Invocations
  5015 | D:6      | Reached skill level 8 in Maces & Flails
  5083 | D:6      | Acquired Makhleb's third power
  5158 | D:6      | Noticed Blork the orc
  5170 | D:6      | Killed Blork the orc
  5170 | D:6      | Gained mutation: You passively map the area around you. [level up]
  5170 | D:6      | Reached XP level 9. HP: 53/80 MP: 16/16
  5179 | D:6      | Reached skill level 5 in Fighting
  5206 | D:6      | Killed Ijyb
  5215 | D:6      | Noticed a five-headed hydra
  5225 | D:6      | Killed a five-headed hydra
  5290 | D:6      | Reached skill level 9 in Maces & Flails
  5386 | D:6      | Found a snail-covered altar of Cheibriados.
  5824 | D:7      | Found a stormy altar of Qazlal.
  5830 | D:7      | Found a bloodstained altar of Trog.
  5898 | D:7      | Found an ancient bone altar of Kikubaaqudgha.
  6330 | D:7      | Identified a scroll of acquirement
  6331 | D:7      | Got a slimy morningstar
  6332 | D:7      | Identified the +2 morningstar of Thruowk {flame, +Rage Stlth+} (You acquired it on level 7 of the Dungeon)
  6419 | D:7      | Reached XP level 10. HP: 61/91 MP: 18/18
  6523 | D:8      | Found Uhuhec's General Store.
  6608 | D:8      | Found a flagged portal.
  6622 | Bailey   | Entered a bailey
  6622 | Bailey   | Noticed an orc knight
  6622 | Bailey   | Noticed mrpyro's ghost (powerful VSBe)
  6643 | Bailey   | Killed mrpyro's ghost
  6643 | Bailey   | Reached skill level 10 in Maces & Flails
  6656 | Bailey   | Killed an orc knight
  6719 | Bailey   | Mangled by an orc warrior

Action                   |  1- 3 |  4- 6 |  7- 9 | 10-12 || total
-------------------------+-------+-------+-------+-------++-------
Melee: Flail             |   114 |   224 |   255 |       ||   593
       Dire flail        |       |       |   158 |    64 ||   222
Invok: Minor Destruction |       |       |   110 |    48 ||   158
       Lesser Servant of |       |       |     3 |     2 ||     5
 Abil: Device Recharging |       |       |     3 |     3 ||     6
Evoke: Wand              |       |     1 |    28 |    12 ||    41
  Use: Potion            |     4 |     5 |     7 |       ||    16
       Scroll            |     2 |     8 |     4 |       ||    14
 Stab: Distracted        |       |       |     1 |     2 ||     3
  Eat: Chunk             |     2 |     6 |    14 |     3 ||    25

Vault maps used:
D:1:      minmay_arrival_split_and_join
D:2:      roderic_serpentine_path, kennysheep_jessica_study, uniq_terence,
          uniq_jessica
D:3:      grunt_temple_overflow_open, first_bread, elyvilon_altar_5,
          uniq_grinder
D:4:      overflow_temple_1_default, minivault_19
D:5:      mumra_celtic_spiral_tile, minmay_temple_entry_junction,
          uniq_prince_ribbit1
D:6:      minmay_opposing_rooms, overflow_temple_1_default, uniq_blork_the_orc,
          uniq_pikel, uniq_iyjb
D:7:      kennysheep_little_box, lemuel_crystal_altar, grunt_qazlal_clouds
D:8:      enter_bailey_3, serial_shops, nicolae_shop_window_shopping
Bailey:   bailey_polearm_4, bailey
